[Event "Late-Titled-Tuesday-Blitz-October-24-2023"]
[Site "Chess.com"]
[Date "2023.10.24"]
[Round "3"]
[White "Inepton_Fermion"]
[Black "Darko-Dimitrijevic"]
[Result "1-0"]
[WhiteElo "2363"]
[BlackElo "2118"]
[TimeControl "180+1"]
[EndTime "14:29:23 PDT"]
[Termination "Inepton_Fermion won on time"]

1. Nf3 c5 2. b3 d5 3. e3 Nc6 4.
Bb5 a6 5. Bxc6+ bxc6 6. Bb2 f6 7. d4 e6 8. O-O Bd6 9. c4 Ne7 10. Nc3 O-O 11. Qe2 Qe8 12. Rac1 Qh5 13. Rfd1 Rd8 14. dxc5 Bxc5 15. Na4 Ba7 16. e4 Bb7 17. cxd5 exd5 18. Nc5 Bxc5 19. Rxc5 Qf7 20. e5 fxe5 21. Nxe5 Qe6 22.
Re1 Re8 23. f4 Nf5 24. Qf2 Nd6 25. Rcc1 Ne4 26. Qb6 Rab8 27. Nxc6 Bxc6 28. Qxc6 Qf5 29.
Be5 Rbd8 30. Qxa6 Re6 31. Qa5 1-0

[Event "Late-Titled-Tuesday-Blitz-October-24-2023"]
[Site "Chess.com"]
[Date "2023.10.24"]
[Round "3"]
[White "Arseniy_Nesterov"]
[Black "zajka-molotok"]
[Result "1-0"]
[WhiteElo "2836"]
[BlackElo "2551"]
[TimeControl "180+1"]
[EndTime "14:29:24 PDT"]
[Termination "Arseniy_Nesterov won by resignation"]

1. d4 Nf6 2. c4 e6 3. Nf3 c5 4. d5 d6 5. Nc3 exd5 6. cxd5 g6 7.
h3 Bg7 8. Bf4 O-O 9. e3 Na6 10.
Be2 Nc7 11. O-O Re8 12. Bh2 a6 13. a4 Ne4 14. Nxe4 Rxe4 15. Nd2 Rb4 16. Nc4 Ne8 17. a5 Bd7 18. Nxd6 Bxb2 19. Nxe8 Bxe8 20. Ra2 Bb5 21. Bxb5 axb5 22. Qc2 Qxd5 23. Rxb2 Rxb2 24.
Qxb2 Rxa5 25. Qf6 Ra6 26. e4 Qxe4 27. Qd8+ Kg7 28. Bd6 h5 29. Qf8+ Kf6 30. Bxc5 Rc6 31.
Rd1 Qc2 32. Rd6+ Rxd6 33. Qxd6+ Kg7 34. Bd4+ Kh7 35. Qf6 Qc1+ 36. Kh2 Qc7+ 37. Be5 1-0

[Event "Late-Titled-Tuesday-Blitz-October-24-2023"]
[Site "Chess.com"]
[Date "2023.10.24"]
[Round "3"]
[White "Schwindle"]
[Black "GP9isback23"]
[Result "0-1"]
[WhiteElo "2420"]
[BlackElo "2617"]
[TimeControl "180+1"]
[EndTime "14:29:25 PDT"]
[Termination "GP9isback23 won by resignation"]

1. e4 c5 2. Nf3 e6 3. d4 cxd4 4. Nxd4 Nf6 5. Nc3 Nc6 6. Ndb5 Bb4 7. a3 Bxc3+ 8. Nxc3 d5 9. exd5 exd5 10. Bd3 O-O 11. O-O d4 12. Ne4 Bf5 13. Bg5 Bxe4 14. Bxe4 h6 15.
Bxf6 Qxf6 16. Qd2 Ne5 17. Rad1 Rfd8 18. b3 Rab8 19. Rfe1 b6 20. h3 Rbc8 21. Qe2 Rc7 22. Qh5 Rc5 23. b4 Rc3 24. a4 Nc4 25. Rd3 Nb2 26.
Rf3 Rxf3 27. Bxf3 Qg5 28. Qxg5 hxg5 29. Re7 a5 30. bxa5 bxa5 31. Ra7 Rc8 32. Rxa5 g6 33. Be4 f5 34. Bd5+ Kg7 35. Bb3 d3 36. cxd3 Nxd3 37.
Ra7+ Kh6 38. a5 Rc1+ 39. Kh2 Nxf2 40. Kg3 Ne4+ 41. Kf3 Rc3+ 42. Ke2 Rxb3 43. a6 Ra3 44. Ra8 Nc3+ 45. Ke1 Nb5 46. Rb8 Nc7 0-1

[Event "Late-Titled-Tuesday-Blitz-October-24-2023"]
[Site "Chess.com"]
[Date "2023.10.24"]
[Round "3"]
[White "Zhbugnoimt"]
[Black "YellowJacek"]
[Result "1/2-1/2"]
[WhiteElo "2539"]
[BlackElo "2297"]
[TimeControl "180+1"]
[EndTime "14:29:25 PDT"]
[Termination "Game drawn by repetition"]

1. e4 e5 2. Nf3 Nf6 3. d4 Nxe4 4. Bd3 d5 5. Nxe5 Nd7 6. Nc3 Nxc3 7. bxc3 Nxe5 8. dxe5 Bc5 9. Qf3 O-O 10. O-O c6 11. Rb1 b5 12. Re1 Be6 13. Qh5 g6 14.
Qh6 f5 15. exf6 Qxf6 16. Be3 Bxe3 17. Qxe3 Bf5 18. Qc5 Bxd3 19. cxd3 a6 20. Re2 Rae8 21.
Rbe1 Rxe2 22. Rxe2 Rf7 23. f3 Kg7 24. h3 h5 25. d4 h4 26. Qa3 Qf4 27. Kf2 Qg3+ 28. Kf1 Qf4 29. Qb2 g5 30. Qc2 Kf6 31. Qd1 Re7 32.
Rxe7 Kxe7 33. Qe2+ Kd6 34. Kf2 Qg3+ 35. Kf1 Qf4 36. Qd3 Qc1+ 37. Kf2 Qf4 38. Qg6+ Kc7 39. Qg7+ Kb6 40. Qe7 Qd2+ 41. Kf1 Qxc3 42. Qd8+ Kb7 43. Qd7+ Kb6 44. Qd8+ Kb7 45. Qe7+ Kb8 46. Qd8+ Kb7 1/2-1/2

[Event "Late-Titled-Tuesday-Blitz-October-24-2023"]
[Site "Chess.com"]
[Date "2023.10.24"]
[Round "3"]
[White "Eternauta2400"]
[Black "ArturoCaceres"]
[Result "1-0"]
[WhiteElo "2729"]
[BlackElo "2500"]
[TimeControl "180+1"]
[EndTime "14:29:28 PDT"]
[Termination "Eternauta2400 won by resignation"]

1. c4 a6 2. Nc3 b6 3. Nf3 Bb7 4. g3 e6 5. Bg2 Nf6 6. O-O Be7 7. d4 O-O 8. Qc2 d5 9. cxd5 Nxd5 10. Nxd5 Bxd5 11.
e4 Bb7 12. Rd1 Nd7 13. Bf4 Rc8 14. Qe2 h6 15. h4 Bd6 16. e5 Be7 17. Rd2 Bd5 18. a3 b5 19. Rad1 Nb6 20. h5 Re8 21. Rc1 Nc4 22. Rdd1 Qd7 23. Nh2 Bxg2 24. Kxg2 Qd5+ 25.
Kg1 Red8 26. Ng4 Kh8 27. Kh2 Bf8 28. Bxh6 c5 29. Bg5 cxd4 30. Bxd8 Rxd8 31. Rd3 Bc5 32.
h6 Kh7 33. hxg7 Kxg7 34. Kg1 Rh8 35. Qf3 Qxf3 36. Rxf3 Bb6 37. Nf6 Nxb2 38. Rc6 d3 39. Ne4 Bd4 40. Rc7 Rf8 41. Rd7 Bxe5 42. Ng5 Bf6 43.
Nxe6+ Kg8 44. Nxf8 Bc3 45. Rdxd3 Nxd3 46. Rxd3 Bg7 47.
Nd7 1-0

[Event "Late-Titled-Tuesday-Blitz-October-24-2023"]
[Site "Chess.com"]
[Date "2023.10.24"]
[Round "3"]
[White "Mbneu"]
[Black "serefra99"]
[Result "1/2-1/2"]
[WhiteElo "2257"]
[BlackElo "2405"]
[TimeControl "180+1"]
[EndTime "14:29:28 PDT"]
[Termination "Game drawn by repetition"]

1. d4 d5 2. c4 e6 3. Nf3 Nf6 4. g3 Bb4+ 5. Bd2 Be7 6. Bg2 O-O 7. Qc2 c6 8. O-O b6 9. b3 Ne4 10. Bf4 Nd7 11. Nbd2 f5 12. Ne5 Nxe5 13. Bxe5 Nxd2 14. Qxd2 Bb7 15. cxd5 exd5 16. Rac1 Qd7 17. Rfe1 Rac8 18. Bh3 g6 19. f3 Bd6 20. f4 Bxe5 21. fxe5 c5 22.
e3 c4 23. Bg2 b5 24. Qa5 Qc6 25. a4 a6 26. bxc4 bxc4 27. Rb1 Rb8 28. Rb6 Qc7 29.
Bxd5+ Bxd5 30. Qxd5+ Kh8 31. Rxb8 Rxb8 32. e6 c3 33. Rc1 c2 34. Qd7 Qc3 35. Qf7 Qxe3+ 36. Kg2 Qe4+ 37. Kh3 Qg4+ 38. Kg2 Qe2+ 39. Kh3 Qh5+ 40.
Kg2 Qe2+ 41. Kh3 Qg4+ 42. Kg2 Qxd4 43. Rxc2 Qe4+ 44. Kh3 Qxc2 45. Qf6+ Kg8 46. Qf7+ Kh8 47. Qf6+ Kg8 48. Qf7+ Kh8 1/2-1/2

[Event "Late-Titled-Tuesday-Blitz-October-24-2023"]
[Site "Chess.com"]
[Date "2023.10.24"]
[Round "3"]
[White "talaicito"]
[Black "Gogolev_Artemy"]
[Result "0-1"]
[WhiteElo "2249"]
[BlackElo "2396"]
[TimeControl "180+1"]
[EndTime "14:29:28 PDT"]
[Termination "Gogolev_Artemy won on time"]

1. d4 d6 2. e4 g6 3. Nc3 Bg7 4. Bf4 a6 5. Qd2 Nd7 6. O-O-O b5 7. f3 Bb7 8. h4 h6 9. Nge2 c5 10. dxc5 Nxc5 11. Ng3 Rc8 12. h5 g5 13. Nf5 Bf6 14. Bxd6 exd6 15. Nxd6+ Kf8 16. Nxc8 Qxd2+ 17. Rxd2 Bxc8 18.
Nd5 Be5 19. Kb1 Ne7 20. c4 Be6 21. cxb5 Nxd5 22. exd5 Bf5+ 23. Ka1 axb5 24. Bxb5 Ke7 25. d6+ Kf6 26. Bc4 Rb8 27. g4 Bd7 28. a3 Nb3+ 29. Bxb3 Rxb3 30. Ka2 Be6 31. Kb1 Bd7 32. Rf1 Ke6 33. Kc2 Rxb2+ 34. Kc1 Rb3 35. Re1 Rxa3 36. Rde2 f6 37. Kc2 Kxd6 0-1

[Event "Late-Titled-Tuesday-Blitz-October-24-2023"]
[Site "Chess.com"]
[Date "2023.10.24"]
[Round "3"]
[White "KChor05TTV"]
[Black "Zhigalko_Sergei"]
[Result "1-0"]
[WhiteElo "2687"]
[BlackElo "2950"]
[TimeControl "180+1"]
[EndTime "14:29:29 PDT"]
[Termination "KChor05TTV won on time"]

1. e4 c5 2. c3 Nf6 3. e5 Nd5 4. d4 cxd4 5. Nf3 Nc6 6. Bc4 Nb6 7. Bb3 g6 8. O-O Bg7 9. cxd4 O-O 10. Nc3 d5 11.
Bg5 Bg4 12. Be3 e6 13. h3 Bxf3 14. Qxf3 f6 15. exf6 Qxf6 16. Qg4 Qf5 17. Rad1 Rac8 18. Rfe1 Qf7 19. Nb5 Rcd8 20. Bg5 Qxf2+ 21. Kh2 Rde8 22.
Nc7 Nxd4 23. Nxe8 Nf3+ 24. Kh1 Nxe1 25. Qxe6+ Kh8 26. Rxe1 Bd4 27. Bh6 Rf3 28. Rd1 Rg3 29. Bxd5 Nxd5 30. Qxd5 1-0

[Event "Late-Titled-Tuesday-Blitz-October-24-2023"]
[Site "Chess.com"]
[Date "2023.10.24"]
[Round "3"]
[White "steepedgames"]
[Black "Kirill_Klukin"]
[Result "0-1"]
[WhiteElo "2445"]
[BlackElo "2637"]
[TimeControl "180+1"]
[EndTime "14:29:29 PDT"]
[Termination "Kirill_Klukin won by resignation"]

1. d4 Nf6 2. Bg5 e6 3. Bxf6 Qxf6 4. c4 Bb4+ 5. Nc3 Nc6 6. e3 d6 7. Ne2 e5 8. d5 Bxc3+ 9. Nxc3 Ne7 10. Nb5 Kd8 11.
Bd3 a6 12. Nc3 Bf5 13. e4 Bd7 14. b4 Ng6 15. g3 Ke7 16. Qd2 a5 17. b5 b6 18. O-O Bh3 19. Rfe1 h5 20. Bf1 Bxf1 21. Rxf1 h4 22. f4 hxg3 23. hxg3 exf4 24. e5 Nxe5 25.
Rxf4 Nf3+ 26. Rxf3 Qxf3 27. Qe2+ Qxe2 28. Nxe2 Rae8 29. Nd4 Kd7 30. Rf1 Rhf8 31. Rf4 Re3 32. Kf2 Ra3 33. Nc6 Rxa2+ 34. Kf3 a4 35. Re4 a3 36. Re7+ Kc8 37. Nb4 Rb2 38. Na6 a2 39.
Rxc7+ Kd8 40. Rb7 a1=Q 41. Nb8 Qd1+ 42. Kf4 g5+ 43. Kf5 Qf3+ 44. Kxg5 Rg8+ 0-1

[Event "Late-Titled-Tuesday-Blitz-October-24-2023"]
[Site "Chess.com"]
[Date "2023.10.24"]
[Round "3"]
[White "FabianoCaruana"]
[Black "IMRosen"]
[Result "1-0"]
[WhiteElo "3084"]
[BlackElo "2629"]
[TimeControl "180+1"]
[EndTime "14:29:34 PDT"]
[Termination "FabianoCaruana won on time"]

1. b3 e5 2. Bb2 Nc6 3. e3 Nf6 4. Bb5 e4 5. Ne2 a6 6. Bxc6 dxc6 7. h3 Bd6 8. Nbc3 h5 9. d3 Qe7 10. Qd2 Bf5 11. d4 h4 12. O-O-O O-O-O 13. Kb1 Kb8 14. Qc1 Rh6 15. Na4 Rg6 16. Rdg1 Nd7 17. g4 hxg3 18. fxg3 Rh6 19. g4 Bg6 20. c4 c5 21. dxc5 Nxc5 22. Nxc5 Bxc5 23. Bxg7 Rh7 24. Bd4 Bd6 25. Qc3 Bb4 26.
Qc2 Bd6 27. Rd1 f5 28. c5 Be5 29. Bxe5 Rxd1+ 30. Rxd1 Qxe5 31. Nf4 Qf6 32. c6 Bf7 33. cxb7 fxg4 34. Rd7 Qb6 35. hxg4 Rh1+ 36. Kb2 Kxb7 37. Rxf7 Rf1 38. Nd5 Qc6 39. Rxc7+ 1-0

[Event "Late-Titled-Tuesday-Blitz-October-24-2023"]
[Site "Chess.com"]
[Date "2023.10.24"]
[Round "3"]
[White "vidavi"]
[Black "dimitrisl"]
[Result "0-1"]
[WhiteElo "2395"]
[BlackElo "2602"]
[TimeControl "180+1"]
[EndTime "14:29:36 PDT"]
[Termination "dimitrisl won on time"]

1. e4 e6 2. f4 d5 3. e5 c5 4. Nf3 Nc6 5. Be2 h5 6. O-O Nge7 7. c3 d4 8. Na3 Nd5 9. Ng5 g6 10. Ne4 Be7 11. Nc4 Kf8 12. a4 b6 13. d3 Ba6 14. Ncd6 Bxd6 15. Nxd6 dxc3 16. Bf3 cxb2 17.
Bxb2 Ncb4 18. f5 gxf5 19. Bxh5 Qh4 20. g4 Ne3 21. Qf3 Nxg4 22. Qxa8+ Kg7 23. Nxf5+ exf5 24. e6+ Nf6 25. Qg2+ Kh7 26. Bxf7 Ng4 27. Rxf5 Bb7 28.
Rh5+ Qxh5 29. Bxh5 Bxg2 30. Bxg4 Rg8 31. Bf5+ Kh6 32.
e7 Bh3+ 33. Bg6 Rxg6+ 34. Kf2 Bd7 0-1

[Event "Late-Titled-Tuesday-Blitz-October-24-2023"]
[Site "Chess.com"]
[Date "2023.10.24"]
[Round "3"]
[White "DonJuanEGenaro"]
[Black "falzehope0"]
[Result "0-1"]
[WhiteElo "1838"]
[BlackElo "2313"]
[TimeControl "180+1"]
[EndTime "14:29:38 PDT"]
[Termination "falzehope0 won on time"]

1. d4 e6 2. Nf3 d5 3. g3 Bd6 4. Bg2 f5 5. c4 c6 6. Nc3 Nf6 7. Qc2 O-O 8. Bg5 Qe8 9. Bxf6 Rxf6 10. Ne5 Nd7 11. f4 Rf8 12. e3 Nf6 13. cxd5 exd5 14.
O-O-O Ne4 15. Nxe4 fxe4 16. h3 Be6 17. g4 c5 18. dxc5 Bxc5 19. Kb1 Bxe3 20. f5 Bf7 21. Nxf7 Qxf7 22. Qb3 Bh6 23. Rxd5 Rae8 24. Re1 e3 25. Re2 Kh8 26. Rb5 Qc7 27. Rxb7 Qf4 28. a3 Rc8 29. Qb4 Qg3 30. Qd4 Rfd8 31. Rd7 Re8 32. f6 Rg8 33. fxg7+ Rxg7 34. Be4 Qf4 35. Rxg7 Bxg7 36. Qd7 Qxe4+ 0-1

[Event "Late-Titled-Tuesday-Blitz-October-24-2023"]
[Site "Chess.com"]
[Date "2023.10.24"]
[Round "3"]
[White "Langua_Chess"]
[Black "rikchessmx"]
[Result "1-0"]
[WhiteElo "2499"]
[BlackElo "2274"]
[TimeControl "180+1"]
[EndTime "14:29:39 PDT"]
[Termination "Langua_Chess won by resignation"]

1. e4 e5 2. Nf3 Nc6 3. Bb5 a6 4. Ba4 Nf6 5. O-O Be7 6. d3 b5 7. Bb3 O-O 8. a3 d6 9. Nc3 Bg4 10. Be3 Nd4 11. Bxd4 exd4 12. Nd5 Nxd5 13. Bxd5 Rb8 14. h3 Bxf3 15. Qxf3 Bf6 16. b4 Qd7 17. Rfb1 c6 18. Bb3 Be5 19. g3 Kh8 20. Kg2 f5 21.
exf5 Rxf5 22. Qe2 Rbf8 23. f4 c5 24. Rf1 Re8 25. fxe5 Rfxe5 26. Qf3 h6 27. Bd5 Re2+ 28. Rf2 R2e3 29. Qg4 Qe7 30. Be4 Qe5 31. Qg6 Rxe4 32. Qxe4 Qxe4+ 33. dxe4 Rxe4 34. Raf1 Re3 35. Rf3 Re2+ 36.
R1f2 Re1 37. Rf8+ Kh7 38. Rd8 Ra1 39. Rxd6 Rxa3 40. bxc5 Rc3 41. Rxa6 Rxc5 42. Rd6 Rc4 43. Rd2 d3 44. R6xd3 b4 45. h4 Kg6 46. Rd5 Kf6 47. Kh3 Ke6 48. Rb5 g6 49. Re2+ Kf6 50. Rb6+ Kf5 51.
Rf2+ Ke4 52. Rxg6 Ke3 53. Rgf6 Rc7 54. R6f3+ Ke4 55. Rf4+ Ke3 56. R2f3+ Ke2 57. Rb3 Rxc2 58. Rbxb4 Ke3 59. Rbe4+ Kd3 60. Re6 Ra2 61. Re5 Ra6 62. h5 Rd6 63. Kg4 Re6 64. Rxe6 1-0

[Event "Late-Titled-Tuesday-Blitz-October-24-2023"]
[Site "Chess.com"]
[Date "2023.10.24"]
[Round "3"]
[White "vladislavkovalev"]
[Black "The_Sherman_Variation"]
[Result "1-0"]
[WhiteElo "2872"]
[BlackElo "2574"]
[TimeControl "180+1"]
[EndTime "14:29:42 PDT"]
[Termination "vladislavkovalev won by checkmate"]

1. e4 e6 2. d4 d5 3. Nd2 c5 4. Ngf3 cxd4 5. Nxd4 Nc6 6. Bb5 Bd7 7. Nxc6 bxc6 8.
Bd3 Bd6 9. O-O Qc7 10. Nf3 e5 11. Re1 Ne7 12. c4 f5 13. exd5 e4 14. Bg5 cxd5 15.
cxd5 exf3 16. Qxf3 Kf7 17. Rac1 Qb6 18. Bxe7 Bxe7 19.
Bxf5 Bxf5 20. Rc6 Qb4 21. Qxf5+ Bf6 22. Rc7+ Kf8 23. Qe6 Qxe1+ 24. Qxe1 Re8 25. Qb4+ Kg8 26. g3 h5 27. d6 h4 28. Qc4+ Kh7 29. Qd3+ Kh6 30.
Kg2 Kg5 31. Qd5+ Kg6 32. Rc4 h3+ 33. Kf3 Re5 34. Rg4+ Kh6 35. Qxe5 Bxe5 36. Rh4+ Kg6 37. Rxh8 Bxd6 38. Rc8 Kf5 39. Rc6 Be5 40. Ra6 g5 41.
g4# 1-0

[Event "Late-Titled-Tuesday-Blitz-October-24-2023"]
[Site "Chess.com"]
[Date "2023.10.24"]
[Round "3"]
[White "Alphafischer2019"]
[Black "ATM622"]
[Result "1-0"]
[WhiteElo "2605"]
[BlackElo "2411"]
[TimeControl "180+1"]
[EndTime "14:29:42 PDT"]
[Termination "Alphafischer2019 won by resignation"]

1. e4 c6 2. d4 d5 3. Nc3 dxe4 4. Nxe4 Bf5 5. Ng3 Bg6 6. Nf3 Nd7 7. Bc4 Ngf6 8. O-O e6 9. Re1 Be7 10. Bb3 O-O 11. c4 Qc7 12. Qe2 Rfe8 13. Bd2 c5 14.
Bc3 cxd4 15. Nxd4 a6 16. Ba4 Rac8 17. Bxd7 Qxd7 18. Rac1 h5 19. Red1 Qc7 20. b3 h4 21.
Nf1 Ne4 22. Bb2 h3 23. g3 Bg5 24. Ne3 f5 25. f4 Bxf4 26. gxf4 Qxf4 27. Rf1 Qg5+ 28.
Kh1 Bh5 29. Nf3 Qf4 30. Ng1 Ng3+ 31. hxg3 Qe4+ 32. Rf3 f4 33. g4 Bg6 34. Nf1 Qc6 35. Kh2 e5 36. Nxh3 Rcd8 37. Rd1 Be4 38. Rf2 f3 39. Qe1 Bg6 40. Ne3 Qe4 41. Rfd2 f2 42. Qxf2 Rf8 43. Rxd8 1-0

[Event "Late-Titled-Tuesday-Blitz-October-24-2023"]
[Site "Chess.com"]
[Date "2023.10.24"]
[Round "3"]
[White "HaryKane"]
[Black "Byniolus"]
[Result "0-1"]
[WhiteElo "2512"]
[BlackElo "2798"]
[TimeControl "180+1"]
[EndTime "14:29:43 PDT"]
[Termination "Byniolus won on time"]

1. d4 d6 2. e3 Nf6 3. f4 e5 4.
dxe5 dxe5 5. Qxd8+ Kxd8 6. fxe5 Ng4 7. Nf3 Nc6 8. Nc3 Ngxe5 9. Bd2 Bc5 10. O-O-O Bd7 11.
e4 f6 12. Bb5 Bd6 13. Nd5 a6 14. Be2 Re8 15. h3 Ng6 16. Bd3 Nce5 17. Nxe5 Nxe5 18. Rhe1 Be6 19. Bc3 Kc8 20. Bf1 Nd7 21. b3 Be5 22. Bxe5 Nxe5 23. c4 a5 24. Kc2 Bxd5 25. exd5 Kd7 26.
Kc3 b6 27. c5 Red8 28. Bb5+ Ke7 29. c6 Kd6 30. a4 Re8 31. Re4 Re7 32. Rde1 Rae8 33.
g4 Nxc6 34. Rxe7 Rxe7 0-1

[Event "Late-Titled-Tuesday-Blitz-October-24-2023"]
[Site "Chess.com"]
[Date "2023.10.24"]
[Round "3"]
[White "NotFischer"]
[Black "Good_Knight_Kiss"]
[Result "1-0"]
[WhiteElo "2244"]
[BlackElo "2364"]
[TimeControl "180+1"]
[EndTime "14:29:43 PDT"]
[Termination "NotFischer won on time"]

1. e4 c5 2. Nf3 d6 3. d4 cxd4 4. Nxd4 Nf6 5. Nc3 a6 6. Be2 e5 7. Nb3 Be7 8. O-O O-O 9. Kh1 b5 10.
a4 Bb7 11. axb5 axb5 12. Rxa8 Bxa8 13. Bxb5 Nxe4 14. Nxe4 Bxe4 15. Qe2 Qb6 16. c4 Bc6 17. Be3 Qc7 18. Rc1 Nd7 19. Bxc6 Qxc6 20. Na5 Qa4 21. Qd2 Rb8 22. b3 Qb4 23. Qxb4 Rxb4 24.
Nc6 Rxb3 25. Nxe7+ Kf8 26. Nd5 f5 27. Bd2 Rb2 28. Bb4 Rxf2 29. Bxd6+ Kf7 30. Kg1 Rd2 31. Rf1 g6 32. Bb4 Rc2 33. Bc3 Nf6 34. Bxe5 Ng4 35. Bg3 Rxc4 36. h3 Nf6 37. Nxf6 Kxf6 38. Bh4+ g5 39. Be1 Rc2 40. g4 f4 41. Rf2 Rc1 42.
Kf1 Rc2 43. Rxc2 1-0

[Event "Late-Titled-Tuesday-Blitz-October-24-2023"]
[Site "Chess.com"]
[Date "2023.10.24"]
[Round "3"]
[White "The_Princess_Moon"]
[Black "Bala-Afiada"]
[Result "1/2-1/2"]
[WhiteElo "2353"]
[BlackElo "1843"]
[TimeControl "180+1"]
[EndTime "14:29:44 PDT"]
[Termination "Game drawn by repetition"]

1. e4 c5 2. Nf3 Nc6 3. Bb5 d6 4. c3 Bg4 5. h3 Bxf3 6. Qxf3 e5 7.
O-O Nf6 8. d4 cxd4 9. cxd4 a6 10.
dxe5 dxe5 11. Bxc6+ bxc6 12. Bg5 Be7 13. Bxf6 Bxf6 14.
Rd1 Qb6 15. Nd2 O-O 16. Nc4 Qb5 17. Nd6 Qxb2 18. Nf5 Rad8 19. Nh6+ Kh8 20. Ng4 Rxd1+ 21. Rxd1 Be7 22. Rd7 Qb4 23. Ne3 Rd8 24. Rxd8+ Bxd8 25. Qxf7 Be7 26. Qe8+ Bf8 27. Nf5 h6 28. Qxe5 Qb1+ 29. Kh2 Qb4 30. Nxh6 Kh7 31. Nf5 Qc5 32. Qg3 g6 33. Qh4+ Kg8 34. Qg5 Bd6+ 35. g3 Qxf2+ 36. Kh1 Qf1+ 37. Kh2 Qf2+ 38. Kh1 Qf1+ 39. Kh2 Qf2+ 1/2-1/2

[Event "Late-Titled-Tuesday-Blitz-October-24-2023"]
[Site "Chess.com"]
[Date "2023.10.24"]
[Round "3"]
[White "maracayo"]
[Black "Yushko_Olga"]
[Result "1-0"]
[WhiteElo "2372"]
[BlackElo "2140"]
[TimeControl "180+1"]
[EndTime "14:29:44 PDT"]
[Termination "maracayo won by resignation"]

1. e4 e6 2. d3 d5 3. Nd2 Nf6 4. Ngf3 Be7 5. Be2 O-O 6. O-O c5 7. Re1 Nc6 8. c3 b6 9. Bf1 Bb7 10. exd5 Nxd5 11. Nc4 b5 12. Nce5 Nxe5 13. Nxe5 f6 14. Nf3 e5 15. d4 cxd4 16. cxd4 exd4 17. Bxb5 Qb6 18. Bc4 Bb4 19. Bd2 Bc5 20. b4 Bd6 21.
Qb3 Kh8 22. Bxd5 Bxd5 23. Qxd5 Rad8 24. Qe6 d3 25. Re3 Qb5 26. a4 Qh5 27. h3 Bf4 28.
Re4 Rde8 29. Qc4 Rc8 30. Qb5 Qxb5 31. axb5 Bd6 32. Rd4 Be7 33. Rxa7 Rfe8 34. Rxd3 Bf8 35. g3 Rb8 36. Rd5 Re2 37. Be3 Bxb4 38. Rdd7 Bf8 39. Nd4 Re1+ 40. Kg2 Re8 41. Ne6 Rxe6 42. Rd8 h6 43. Rxf8+ Kh7 44. Rff7 R6xe3 45. Rxg7+ Kh8 46. Rh7+ Kg8 47. Rag7+ Kf8 48. fxe3 1-0

[Event "Late-Titled-Tuesday-Blitz-October-24-2023"]
[Site "Chess.com"]
[Date "2023.10.24"]
[Round "3"]
[White "yuki_chess123"]
[Black "effefe"]
[Result "1-0"]
[WhiteElo "2124"]
[BlackElo "2337"]
[TimeControl "180+1"]
[EndTime "14:29:44 PDT"]
[Termination "yuki_chess123 won by checkmate"]

1. d4 Nf6 2. c4 g6 3. Nc3 Bg7 4. e4 d6 5. f3 O-O 6. Bg5 c5 7. d5 e6 8. Qd2 exd5 9. cxd5 Nbd7 10. Nh3 a6 11. a4 b6 12. Nf2 Rb8 13. Be2 Re8 14.
O-O Nf8 15. Rab1 Qc7 16. Rfc1 Qa7 17. Be3 Bd7 18. b4 Qa8 19. Bf4 b5 20. axb5 axb5 21. Bxd6 c4 22. e5 Nh5 23. f4 Bh6 24. Bxh5 gxh5 25.
Nfe4 Bg7 26. Ng3 h4 27. Nh5 Ng6 28. Nxg7 Kxg7 29. Qd4 Bf5 30. Ra1 Qb7 31. Ra7 Qb6 32. Bc5 Qd8 33. e6+ Kh6 34. Rxf7 Rg8 35. Rxf5 Qc7 36.
d6 Qc6 37. Nd5 Rbe8 38. e7 Rg7 39. Qf6 Qd7 40. Qg5# 1-0

[Event "Late-Titled-Tuesday-Blitz-October-24-2023"]
[Site "Chess.com"]
[Date "2023.10.24"]
[Round "3"]
[White "Vamostodorecto"]
[Black "Sanyura"]
[Result "1-0"]
[WhiteElo "2438"]
[BlackElo "2607"]
[TimeControl "180+1"]
[EndTime "14:29:46 PDT"]
[Termination "Vamostodorecto won by resignation"]

1. e4 c5 2. d4 e6 3. dxc5 Bxc5 4.
Nc3 Nc6 5. Nf3 Nf6 6. Bd3 d5 7. O-O O-O 8. Bg5 Be7 9. Qe2 d4 10. e5 dxc3 11. exf6 Bxf6 12. Qe4 g6 13. Qh4 Bxg5 14. Nxg5 h5 15. Rad1 Qf6 16. bxc3 Bd7 17. Bxg6 Qxg6 18. Rxd7 Ne5 19. Rxb7 f6 20. Qe4 Qxe4 21.
Nxe4 Rac8 22. f4 Ng4 23. h3 Ne3 24. Rf3 Nf5 25. Rd3 Rc4 26. Ng3 Rxf4 27. Nxh5 Re4 28. Rdd7 Rh4 29. Ng7 Rh6 30. Nxf5 exf5 31. Rg7+ Kh8 32.
Rxa7 f4 33. Kf2 f3 34. Kxf3 f5 35. Kf4 Rc6 36. Rh7+ 1-0

[Event "Late-Titled-Tuesday-Blitz-October-24-2023"]
[Site "Chess.com"]
[Date "2023.10.24"]
[Round "3"]
[White "chesspreceptor"]
[Black "Drags95"]
[Result "1-0"]
[WhiteElo "2621"]
[BlackElo "2854"]
[TimeControl "180+1"]
[EndTime "14:29:47 PDT"]
[Termination "chesspreceptor won on time"]

1. d4 Nf6 2. Bf4 d5 3. Nc3 c5 4. e3 cxd4 5. exd4 a6 6. Nf3 Nc6 7. Ne5 Bd7 8. Qd2 e6 9. a3 Rc8 10. Be2 Nxe5 11. dxe5 Ng8 12. O-O Ne7 13. Bd3 Ng6 14.
Bg3 Bc5 15. Ne2 O-O 16. Rad1 Bb5 17. Bxb5 axb5 18. c3 Bb6 19. Kh1 Rc4 20. f4 Qc7 21. f5 Nxe5 22. Nd4 Qb8 23. fxe6 f6 24. Nxb5 Rc5 25.
Nd4 Qe8 26. b4 Rc4 27. Nf5 Qxe6 28. Qxd5 Qxd5 29. Rxd5 Ng4 30. Rd7 g6 31. Ne7+ Kh8 32. h3 Ne3 33. Rc1 Re8 34. Bf2 Nd5 35. Nxd5 Bxf2 36. Nxf6 1-0

[Event "Late-Titled-Tuesday-Blitz-October-24-2023"]
[Site "Chess.com"]
[Date "2023.10.24"]
[Round "3"]
[White "Felix-Rose"]
[Black "katharinareinecke"]
[Result "1-0"]
[WhiteElo "2322"]
[BlackElo "1879"]
[TimeControl "180+1"]
[EndTime "14:29:47 PDT"]
[Termination "Felix-Rose won on time"]

1. e4 c6 2. d4 d5 3. e5 Bf5 4. h4 h5 5. Bd3 Bxd3 6. Qxd3 e6 7. Bg5 Qb6 8. Nd2 c5 9. c4 Ne7 10. Ngf3 Nbc6 11. O-O cxd4 12. Bxe7 Bxe7 13. cxd5 exd5 14.
e6 O-O-O 15. exf7 Rdf8 16. Rac1 Kb8 17. Qf5 Bf6 18. Qxd5 Rd8 19. Qf5 Rdf8 20. Nc4 Qd8 21. b4 Rxf7 22. b5 Ne7 23. Qe6 Rff8 24. Nd6 Nd5 25.
Qxd5 Qd7 26. Ne5 Bxe5 27. Qxe5 Rf6 28. Ne8+ Ka8 29. Nxf6 gxf6 30. Qxf6 Rg8 31. Rfd1 Rxg2+ 32. Kxg2 Qg4+ 33. Kf1 Qh3+ 34. Ke1 Qh1+ 35. Kd2 Qe4 36. Qf8+ Qe8 37. Rc8+ 1-0

[Event "Late-Titled-Tuesday-Blitz-October-24-2023"]
[Site "Chess.com"]
[Date "2023.10.24"]
[Round "3"]
[White "ikhasu"]
[Black "NMJeevanK"]
[Result "0-1"]
[WhiteElo "2403"]
[BlackElo "2605"]
[TimeControl "180+1"]
[EndTime "14:29:48 PDT"]
[Termination "NMJeevanK won on time"]

1. d4 g6 2. c4 Bg7 3. Nc3 d6 4. e4 e5 5. Be3 exd4 6. Bxd4 Nf6 7. Nf3 O-O 8. Be2 Re8 9. Qc2 Nc6 10. Be3 Qe7 11. Nd2 Ng4 12. Nd5 Qd8 13. Bxg4 Bxg4 14. O-O Nd4 15. Bxd4 Bxd4 16. h3 Bd7 17. Nf3 Bg7 18.
Rad1 Bc6 19. Rfe1 Qd7 20. c5 Bxd5 21. Rxd5 Qc6 22. Re2 Rad8 23. cxd6 Rxd6 24. Rc5 Qa6 25. Rxc7 Qxa2 26. e5 Rdd8 27. Rxb7 Rc8 28. Rc7 Qa6 29. Re1 Rb8 30. Ng5 Rf8 31. e6 Qa5 32. exf7+ Kh8 33.
Nf3 Rxb2 34. Qc6 Rbb8 35. Rce7 Qf5 36. Qc4 Rbc8 37. Qb3 a5 38. Rb7 a4 0-1

[Event "Late-Titled-Tuesday-Blitz-October-24-2023"]
[Site "Chess.com"]
[Date "2023.10.24"]
[Round "3"]
[White "mbojan"]
[Black "Kostukov_Alex"]
[Result "1-0"]
[WhiteElo "2776"]
[BlackElo "2431"]
[TimeControl "180+1"]
[EndTime "14:29:50 PDT"]
[Termination "mbojan won on time"]

1. Nf3 c5 2. g3 g6 3. Bg2 Bg7 4. O-O Nf6 5. c3 O-O 6. d4 cxd4 7. Nxd4 Nc6 8. Nd2 d5 9. Nxc6 bxc6 10. Nb3 e5 11. c4 Rb8 12. Bg5 e4 13. cxd5 cxd5 14. Be3 a5 15. Qd2 a4 16. Nd4 Ng4 17. Bf4 Ne5 18.
b3 Qb6 19. e3 Ba6 20. Rfc1 axb3 21. axb3 Rbc8 22. Bxe5 Bxe5 23. Rd1 Bd3 24. Bf1 Bxd4 25. exd4 Bxf1 26. Kxf1 Rc6 27. Rac1 Rxc1 28. Rxc1 Qxb3 29.
Rc5 Ra8 30. Qe3 Qxe3 31. fxe3 Rd8 32. g4 Kg7 33. Kf2 Kf6 34. Kg3 Ke6 35. Kf4 f6 36. h4 h6 37. Rc6+ Rd6 38. Rc8 g5+ 39. Kg3 Rb6 40. Rh8 Rb3 41. Kf2 gxh4 42. Rxh6 Rb2+ 43.
Kf1 Rh2 44. g5 1-0